 Dungeon Crawl Stone Soup version 0.29.1-13-g9f3cf754e1 (webtiles) character file.

Game seed: 10945323598732412734

2753 Porcyon the Fighter (level 9, -7/81 HPs)
             Began as a Hill Orc Fighter on Jan 26, 2023.
             Was a Believer of Beogh.
             Mangled by a hornet (13 damage)
             ... on level 7 of the Dungeon.
             The game lasted 00:49:50 (9411 turns).

Porcyon the Fighter (Hill Orc Fighter)              Turns: 9411, Time: 00:50:02

Health: -7/81      AC: 14    Str: 20 (23) XL:     9   Next: 68%
Magic:  9/9        EV:  8    Int:  7 (8)  God:    Beogh [**....]
Gold:   312        SH:  5    Dex:  9 (10) Spells: 8/8 levels left

rFire   + . .      SeeInvis .   a - +0 war axe
rCold   . . .      Faith    .   c - +0 buckler
rNeg    . . .      Spirit   .   B - +1 chain mail
rPois   .          Reflect  .   (helmet restricted)
rElec   .          Harm     .   x - +0 cloak
rCorr   .          Rampage  .   (no gloves)
Will    .....                   y - +0 pair of boots
Stlth   ..........              (no amulet)
HPRegen 0.23/turn               C - ring of protection from fire
MPRegen 0.11/turn               (no ring)

@: unable to read
A: antennae 1, wild magic 1, inability to read after injury 1
a: Renounce Religion, Smiting


You were on level 7 of the Dungeon.
You worshipped Beogh.
Beogh was pleased with you.
You visited 2 branches of the dungeon, and saw 9 of its levels.

You collected 442 gold pieces.
You spent 130 gold pieces at shops.

Inventory:

Hand Weapons
 a - a +0 war axe (weapon)
 o - a +0 trident of protection
 w - a +3 quarterstaff of chaos
 H - a +2 spear of freezing
 K - a +0 trident
Missiles
 e - 4 atropa-tipped darts (quivered)
 f - 5 poisoned darts
Armour
 c - a +0 buckler (worn)
 x - a +0 cloak (worn)
 y - a +0 pair of boots (worn)
 B - a +1 chain mail (worn)
 M - +0 steam dragon scales
Magical Staves
 r - a staff of air
Jewellery
 z - a ring of magical power
 C - a ring of protection from fire (left hand)
 E - a +6 ring of intelligence
 O - a ring of willpower
Wands
 b - a wand of paralysis (1)
 F - a wand of roots (8)
 J - a wand of digging (7)
Scrolls
 j - 3 scrolls of vulnerability
 m - a scroll of brand weapon
 n - 2 scrolls of enchant armour
 p - a scroll of immolation
 q - a scroll of poison {unknown}
 s - a scroll of torment {unknown}
 A - 4 scrolls of identify
 G - a scroll of amnesia {unknown}
 I - a scroll of teleportation {unknown}
 P - a scroll of noise {unknown}
Potions
 d - a potion of might
 g - a potion of cancellation
 h - 4 potions of curing
 i - 3 potions of attraction
 k - a potion of mutation
 l - a potion of invisibility {unknown}
 u - a potion of lignification {unknown}
 v - 2 potions of degeneration
 D - a potion of ambrosia {unknown}
 L - a potion of brilliance {unknown}
 N - a potion of haste


   Skills:
 * Level 8.2 Fighting
 - Level 6.1(7.1) Axes
 * Level 4.5(5.6) Polearms
 * Level 7.4 Armour
 + Level 3.3 Dodging
 * Level 7.5 Shields


You had 8 spell levels left.
You didn't know any spells.
Your spell library contained the following spells:

 Spells                   Type           Power      Damage    Failure   Level
 Ensorcelled Hibernation  Hex/Ice        0%         N/A       100%        2
 Static Discharge         Conj/Air       0%         3-3/arc   100%        2
 Frozen Ramparts          Ice            0%         1d1       100%        3
 Gell's Gravitas          Tloc           0%         N/A       100%        3
 Spider Form              Tmut/Pois      0%         N/A       100%        3
 Teleport Other           Tloc           0%         N/A       100%        3
 Anguish                  Hex/Necr       0%         N/A       100%        4
 Ice Form                 Ice/Tmut       0%         N/A       100%        4
 Summon Ice Beast         Ice/Summ       0%         N/A       100%        4
 Fireball                 Conj/Fire      0%         3d3       100%        5
 Iskenderun's Battlesphe  Conj           0%         2d6       100%        5
 Lightning Bolt           Conj/Air       0%         1d11      100%        5
 Conjure Ball Lightning   Conj/Air       0%         3x3d6     100%        6
 Dispersal                Tloc           0%         N/A       100%        6
 Orb of Destruction       Conj           0%         9d5       100%        7
 Maxwell's Capacitive Co  Air            0%         ∞         100%        8


Dungeon Overview and Level Annotations

Branches:
Dungeon (8/15)             Temple (1/1) D:7
   Lair: D:8-11

Altars:
Ashenzari
Cheibriados
Dithmenos
Elyvilon
Fedhas
Gozag
Hepliaklqana
Kikubaaqudgha
Makhleb
Nemelex Xobeh
Okawaru
Qazlal
Ru
Sif Muna
Trog
Vehumet
Wu Jian
Xom
Zin
The Shining One

Shops:
D:3 (*   D:7 !


Innate Abilities, Weirdness & Mutations

You have a pair of small antennae on your head.
Your spells are a little harder to cast, but a little more powerful.
You occasionally lose the ability to read scrolls when taking damage.


Message History

You block the hornet's attack. x2
You feel sick. The hornet barely misses you.
You feel sick. The hornet closely misses you.
You feel yourself speed up.
You feel sick. The hornet barely misses you.
You feel sick.
You are no longer poisoned.
The hornet stings you but does no damage.
Blink to where?
Press: ? - help, Dir - move target
As you read the scroll of blinking, it crumbles to dust.
There is a stone staircase leading down here.
As you read the scroll labelled DEYVUY MOEPAV, it crumbles to dust.
The creatures around you are filled with an inner flame!
It was a scroll of immolation.
The hornet barely misses you. The hornet stings you!
* * * LOW HITPOINT WARNING * * *
You feel yourself slow down.
As you read the scroll labelled OCUHOACAEC, it crumbles to dust.
It is a scroll of enchant armour.
Your +0 chain mail glows green for a moment.
You feel yourself speed up. The hornet closely misses you.
The hornet stings you!
* * * LOW HITPOINT WARNING * * *
You feel yourself slow down. The hornet misses you.
Okay, then.
It was a potion of degeneration.
There was something very wrong with that liquid.
You feel weakened.
You feel dopey.
You feel clumsy.
The hornet stings you but does no damage. x2
You block the hornet's attack.
Okay, then.
It was a potion of mutation.
You feel extremely strange.
You occasionally lose the ability to read scrolls when taking damage.
You feel less in control of your magic. A pair of antennae grows on your head!
You feel yourself speed up. The hornet barely misses you.
The hornet stings you!
You feel threatened and lose the ability to read scrolls!
You die...

...#####)###...####....#
.⌠.......###.#.......#.#
...###.....#.#####.#.#.#
####
#.###..###.....#...#.#.#
#... ...##.##
#..##...###...##### #..)
.⌠.##)#
##y####......#.....#
#... ...#..# #..#
##.###.......###...
#.##### #.## #y#
###........... ...# #.#
#@# ####...##... .⌠.#
###.### #.# ###.##...
...# ##.....## #.#
#..#...
######.......###.#
#..#... .#
#.........#..# #......
.# ##...........##
#########....
.###.........y###
##.(....#.....
..............#
##..........#..
#####.........#
#...........###


You could see a hornet (inner flame).

Vanquished Creatures
  Grinder (D:3)
  Sigmund (D:5)
  2 steam dragons (D:7)
  Edmund (D:6)
  4 sky beasts
  3 ice beasts
  A phantom (D:5)
  2 scorpions
  A gnoll sergeant (D:6)
  5 killer bees
  2 howler monkeys
  A crimson imp (D:6)
  2 gnoll boudas
  2 jellies
  2 hounds
  An orc priest (D:4)
  Crazy Yiuf (D:2)
  Jessica (D:2)
  Ijyb (D:3)
  Natasha (twice) (D:3)
  Terence (D:2)
  4 iguanas
  An orc wizard (D:5)
  16 gnolls
  8 adders
  2 white imps
  An ufetubus (D:6)
  3 dart slugs
  12 orcs
  3 ball pythons
  4 bats (D:1)
  8 endoplasms
  4 giant cockroaches
  4 hobgoblins
  7 jackals (D:3)
  10 kobolds
  5 quokkas
  6 frilled lizards
  3 goblins
  2 rats
  A bush (D:2)
141 creatures vanquished.

Vanquished Creatures (others)
  An orc priest (D:3)
  An orc wizard (D:3)
  An orc (D:4)
  An endoplasm (D:4)
  8 fungi
  15 plants (D:3)
27 creatures vanquished.

Grand Total: 168 creatures vanquished

Notes
Turn   | Place    | Note
-------+----------+-------------------------------------------
     0 | D:1      | Porcyon the Hill Orc Fighter began the quest for the Orb.
     0 | D:1      | Reached XP level 1. HP: 19/19 MP: 1/1
   163 | D:1      | Reached XP level 2. HP: 27/27 MP: 2/2
   975 | D:2      | Reached skill level 4 in Fighting
  1126 | D:2      | Reached XP level 3. HP: 31/33 MP: 3/3
  1505 | D:2      | Found a faded altar of an unknown god.
  1623 | D:2      | Noticed Terence
  1632 | D:2      | Killed Terence
  1633 | D:2      | Reached XP level 4. HP: 40/40 MP: 4/4
  1859 | D:2      | Noticed Jessica
  1865 | D:2      | Killed Jessica
  1866 | D:2      | Reached skill level 1 in Dodging
  1866 | D:2      | Reached XP level 5. HP: 42/47 MP: 5/5
  2074 | D:2      | Found a runed translucent door.
  2075 | D:2      | Noticed Crazy Yiuf
  2088 | D:2      | Killed Crazy Yiuf
  2382 | D:3      | Found a blossoming altar of Fedhas.
  2389 | D:3      | Found Miamo's Assorted Antiques.
  2453 | D:3      | Noticed Grinder
  2486 | D:3      | Killed Grinder
  2487 | D:3      | Reached skill level 5 in Fighting
  2487 | D:3      | Reached XP level 6. HP: 22/56 MP: 6/6
  3026 | D:3      | Reached skill level 5 in Axes
  3095 | D:3      | Noticed Ijyb
  3096 | D:3      | Paralysed by Ijyb for 2 turns
  3178 | D:3      | Paralysed by Ijyb for 3 turns
  3186 | D:3      | Paralysed by Ijyb for 2 turns
  3190 | D:3      | Killed Ijyb
  3191 | D:3      | Reached XP level 7. HP: 55/61 MP: 7/7
  3341 | D:3      | Became a worshipper of Beogh the Brigand
  3437 | D:3      | Noticed Natasha
  3447 | D:3      | Killed Natasha
  3448 | D:3      | Reached skill level 5 in Shields
  3662 | D:3      | Noticed Natasha
  3669 | D:3      | Killed Natasha
  3706 | D:3      | Found Naxtiffu's Antique Weapon Shoppe.
  3830 | D:4      | Reached skill level 5 in Armour
  3833 | D:5      | Entered Level 5 of the Dungeon
  3973 | D:4      | Found a radiant altar of Vehumet.
  4031 | D:4      | Found an ancient bone altar of Kikubaaqudgha.
  4031 | D:4      | Found a stormy altar of Qazlal.
  4036 | D:4      | Found an opulent altar of Gozag.
  4040 | D:4      | Found a broken altar of Ashenzari.
  4042 | D:4      | Found a faded altar of an unknown god.
  4124 | D:4      | Reached * piety under Beogh
  4146 | D:5      | Found an iron altar of Okawaru.
  4158 | D:5      | Reached skill level 6 in Fighting
  4244 | D:4      | Found a bloodstained altar of Trog.
  4468 | D:5      | Reached XP level 8. HP: 61/70 MP: 8/8
  5126 | D:5      | Noticed Sigmund
  5130 | D:5      | Killed Sigmund
  5131 | D:5      | Reached skill level 1 in Polearms
  5790 | D:5      | Reached skill level 7 in Fighting
  6017 | D:7      | Found Xafruunui's Distillery.
  6168 | D:7      | Reached XP level 9. HP: 25/79 MP: 9/9
  6512 | D:7      | HP: 2/79 [killer bee (2)]
  6919 | D:3      | Bought a runed trident for 130 gold pieces
  7021 | D:6      | Noticed Edmund
  7048 | D:6      | Killed Edmund
  7220 | D:6      | Reached ** piety under Beogh
  7940 | D:7      | Reached skill level 8 in Fighting
  8080 | D:7      | HP: 4/81 [poisoned by a killer bee]
  8603 | D:8      | Noticed a hornet
  8615 | D:7      | Paralysed by a hornet for 2 turns
  9118 | D:7      | Found a staircase to the Ecumenical Temple.
  9126 | Temple   | Entered the Ecumenical Temple
  9378 | D:7      | Paralysed by a hornet for 3 turns
  9411 | D:7      | Gained mutation: You occasionally lose the ability to read
                  | scrolls when taking damage. [potion of mutation]
  9411 | D:7      | Gained mutation: Your spells are a little harder to cast,
                  | but a little more powerful. [potion of mutation]
  9411 | D:7      | Gained mutation: You have a pair of small antennae on your
                  | head. [potion of mutation]
  9411 | D:7      | Mangled by a hornet

Illustrated notes

Levels and vault maps discovered:
D:1:      saegor_arrival_simple_b, layout_rooms
D:2:      layout_loops_corners, shapermc_ecumenical_altar_notcrosses,
          uniq_terence, uniq_jessica, uniq_crazy_yiuf_cottage
D:3:      layout_loops_ring, fedhas_altar_3, serial_shops, shop, shop_fountains,
          minmay_strange_pillars, serial_bayou_ford_a, uniq_ijyb, uniq_grinder,
          uniq_natasha
D:4:      layout_cave_pools, fiery_altar_vehumet, lemuel_doored_altar,
          chequers_temple_overflow_minitemple, kennysheep_generic_room_13
D:5:      layout_basic, okawaru_gym_becter, uniq_sigmund
D:6:      layout_cave_pools, minmay_fire_ice_demons, uniq_edmund
D:7:      layout_rooms, minmay_temple_entry_nine_rooms, serial_shops,
          nicolae_shop_advertising_works [nicolae_subvault_shop_adworks]
D:8:      layout_cave_pods, mainiacjoe_overflow_boulevard, erik_lair_island
Temple:   nicolae_temple_godzebo

Skill      XL: |  1  2  3  4  5  6  7  8  9 |
---------------+----------------------------+-----
Axes           | 3 4 5 6 |  6.1
Fighting       | 4 5 6 7 8 |  8.2
Shields        | 4 5 6 7 |  7.5
Armour         | 4 5 6 7 |  7.4
Dodging        | 1 2 3 |  3.3
Polearms       | 2 4 |  4.5

Action                   |  1- 3 |  4- 6 |  7- 9 || total
-------------------------+-------+-------+-------++-------
Melee: War axe           |    95 |   149 |   230 ||   474
       Trident           |       |       |   224 ||   224
       Spear             |       |       |    50 ||    50
Invok: Convert to Beogh  |       |       |     1 ||     1
  Use: Scroll            |     4 |       |     6 ||    10
       Potion            |     1 |       |    14 ||    15
Armor: Scale mail        |    51 |    34 |       ||    85
       Chain mail        |       |     3 |   313 ||   316
Dodge: Dodged            |    66 |    49 |   249 ||   364
Block: Buckler           |    22 |    22 |   143 ||   187
